AoeStats
← Warcanoe

Arabia

508702069Analyzed
2v2 RM · 9d ago on Sep 23, 2026· 50m 23s· 4 players
Game mode
Random Map
Map size
Medium (4 player)
Population
200
Speed
Normal
Resources
Standard
Victory
Conquest
Starting age
Dark Age
Ending age
Imperial Age
RankedLock teamsTeams togetherTeam positionsShared explorationLock speedFull tech treeHidden civsTurbo modeCheats
Victory
Defeat
🇨🇴 Magyars · Colombia
1192
+18
🇺🇸 Franks · United States
1173
+19
🇩🇪 Maya · Germany
1253
-19
🇨🇭 Danes · Switzerland
1222
-18
ALEJO7918
7:33 Loom
10:09 Feudal Age
10:42 Horse Collar
10:50 Double-Bit Axe
16:53 Scale Barding Armor
22:08 Castle Age
20:15 Fletching
20:28 Padded Archer Armor
21:23 Fletching
22:16 Elite Skirmisher
23:28 Leather Archer Armor
24:19 Bodkin Arrow
24:24 Gold Mining
24:51 Bow Saw
26:43 Bloodlines
26:33 Husbandry
27:32 Wheelbarrow
30:03 Ballistics
30:30 Gold Shaft Mining
32:39 Thumb Ring
33:03 Hand Cart
33:42 Chain Barding Armor
33:58 Town Watch
37:42 Imperial Age
36:39 Town Patrol
37:31 Light Cavalry
39:35 Parthian Tactics
39:56 Ring Archer Armor
40:05 Bracer
44:32 Plate Barding Armor
45:43 Heavy Cavalry Archer
47:21 Recurve Bow
49:27 Conscription
48:55 Treadmill Crane
blizzopop
6:59 Loom
9:47 Feudal Age
11:38 Double-Bit Axe
21:10 Castle Age
20:12 Gold Mining
22:47 Scale Barding Armor
25:41 Forging
26:29 Wheelbarrow
27:38 Chain Barding Armor
28:56 Iron Casting
33:10 Stone Mining
33:56 Gold Shaft Mining
33:35 Bow Saw
38:21 Imperial Age
36:17 Hand Cart
36:33 Husbandry
37:17 Town Watch
39:26 Cavalier
40:54 Plate Barding Armor
41:53 Blast Furnace
41:19 Conscription
41:59 Town Patrol
42:32 Paladin
43:20 Fletching
47:41 Scale Mail Armor
48:57 Chain Mail Armor
Warcanoe
9:50 Feudal Age
9:15 Loom
10:53 Man-at-Arms
16:37 Horse Collar
18:07 Double-Bit Axe
19:22 Wheelbarrow
23:37 Castle Age
21:57 Stone Mining
23:25 Scale Mail Armor
23:35 Forging
24:52 Chain Mail Armor
24:43 Heavy Plow
25:12 Bow Saw
25:10 Squires
28:09 Town Watch
29:23 Arson
33:09 Gold Mining
34:03 Iron Casting
33:19 Fletching
35:41 Hand Cart
38:06 Gambesons
38:58 Pikeman
39:41 Bodkin Arrow
43:31 Imperial Age
42:44 Murder Holes
43:14 Ballistics
43:47 Elite Varangian Guard
46:18 Blast Furnace
47:56 Plate Mail Armor
dasmurka
0:26 Loom
10:14 Feudal Age
10:56 Double-Bit Axe
11:38 Horse Collar
14:11 Gold Mining
15:34 Fletching
17:05 Town Watch
17:34 Padded Archer Armor
19:52 Wheelbarrow
24:21 Castle Age
24:27 Crossbowman
25:04 Bodkin Arrow
25:24 Leather Archer Armor
25:51 Bow Saw
28:14 Heavy Plow
30:35 Hand Cart
31:23 Thumb Ring
32:46 Ballistics
33:24 Squires
33:09 Arson
33:30 Scale Mail Armor
33:40 Forging
36:13 Chain Mail Armor
36:12 Eagle Warrior
38:44 Iron Casting
41:29 Imperial Age
39:04 Elite Skirmisher
41:54 Masonry
42:35 Conscription
41:50 Elite Eagle Warrior
45:18 Chemistry
44:49 Architecture
44:40 Bracer
45:11 Plate Mail Armor
45:41 Blast Furnace
46:19 Holcans
45:16 Pikeman
46:28 Halberdier
50:00 Ring Archer Armor
Connection lost

Rejoining the realm…

Still unreachable

The connection could not be restored.

Session expired

The server has moved on; the page needs a fresh start.